 Dungeon Crawl Stone Soup version 0.31-a0-174-g85c54bcb58 (webtiles) character file.

Game seed: 9144226315965609263

123 qw the Chopper (level 5, -2/32 HPs)
             Began as a Gargoyle Fighter on June 15, 2023.
             Slain by Blork the orc
             ... wielding a +0 dire flail
              (8 damage)
             ... on level 4 of the Dungeon.
             The game lasted 00:01:27 (2394 turns).

qw the Chopper (Gargoyle Fighter)                   Turns: 2394, Time: 00:01:28

Health: -2/32      AC: 13    Str: 21    XL:     5   Next: 7%
Magic:  5/5        EV:  7    Int:  9    God:
Gold:   246        SH:  4    Dex:  9    Spells: 4/4 levels left

rFire   . . .        Y - +0 war axe
rCold   . . .        c - +0 buckler
rNeg    + . .        j - +0 chain mail
rPois   inf          (no helmet)
rElec   +            (no cloak)
rCorr   .            (no gloves)
SInv    .            (no boots)
Will    .....        (no amulet) Stlth
                     (no ring)
HPRegen 0.25/turn    (no ring)
MPRegen 0.09/turn

%: no passive effects
@: no status effects
A: sickness immunity, AC +4, negative energy resistance 1, electricity
resistance, torment resistance 1, petrification resistance
a: no special abilities


You were on level 4 of the Dungeon.
You visited 1 branch of the dungeon, and saw 4 of its levels.

You collected 246 gold pieces.


Innate Abilities, Weirdness & Mutations

You are immune to sickness and miasma.
Your stone body is resilient. (AC +4)
You are immune to poison.
You resist negative energy. (rN+)
You are resistant to electric shocks. (rElec)
You are resistant to unholy torment.
You are immune to petrification.


   Skills:
 - Level 3.2 Fighting
 + Level 4.6 Axes
 - Level 3.2 Armour
 - Level 3.2 Shields


You had 4 spell levels left.
You didn't know any spells.
Your spell library was empty.

Inventory:

Hand Weapons
 n - a +0 mace
 Y - a +0 war axe (weapon)
Armour
 c - a +0 buckler (worn)
 j - a +0 chain mail (worn)
Scrolls
 b - a scroll of identify
Potions
 a - a potion of haste
 d - 2 potions of might
 f - a potion of attraction {unknown}
 g - 2 potions of curing
 h - a potion of resistance {unknown}
 i - a potion of heal wounds {unknown}
 m - a potion of lignification

Dungeon Overview and Level Annotations

Branches:
Dungeon (4/15)
 Temple: D:4-7

Altars:
Cheibriados

Annotations:
D:4 Blork the orc


Message History

Blork the orc points at you and mumbles some strange words.
The puff of frost hits you but does no damage.
You barely miss Blork the orc.
Blork the orc hits you but does no damage.
You closely miss Blork the orc.
Blork the orc hits you with a +0 dire flail.
You barely miss Blork the orc.
Blork the orc hits you with a +0 dire flail.
You block Blork the orc's attack.
You closely miss Blork the orc.
Blork the orc gestures at you while chanting.
The puff of frost hits you but does no damage.
You barely miss Blork the orc. Blork the orc barely misses you.
You barely miss Blork the orc.
Blork the orc casts a spell.
Blork the orc seems to speed up.
Blork the orc hits you with a +0 dire flail.
You hit Blork the orc but do no damage.
Blork the orc hits you with a +0 dire flail!
Blork the orc hits you with a +0 dire flail.
You hit Blork the orc.
Blork the orc is lightly wounded.
You block Blork the orc's attack. Blork the orc casts a spell at you.
The magic dart hits you but does no damage.
You hit Blork the orc but do no damage.
Blork the orc is lightly wounded.
Blork the orc points at you and mumbles some strange words.
The magic dart hits you but does no damage.
Blork the orc hits you with a +0 dire flail.
You hit Blork the orc.
Blork the orc is lightly wounded.
You block Blork the orc's attack.
You hit Blork the orc.
Blork the orc is moderately wounded.
You block Blork the orc's attack.
Blork the orc hits you with a +0 dire flail.
Blork the orc hits you with a +0 dire flail!
You die...

........##..<...#.
........##......#
........#.......##
.......#.....##..#
......##...#......
.........###......
..................
....#.....##......
....#.....@o......
.........##....#..
.......# ....#
........# ..###
#........ ..#
......# ... .....#
...# ....


You could see Blork the orc (fast).

Vanquished Creatures
  4 adders
  A worm (D:3)
  A dart slug (D:3)
  4 orcs (D:3)
  2 endoplasms
  5 giant cockroaches
  5 goblins
  8 hobgoblins
  9 jackals
  3 quokkas
  3 ball pythons
  7 bats
  5 frilled lizards
  7 kobolds
  10 rats
74 creatures vanquished.

Notes
Turn   | Place    | Note
-------+----------+-------------------------------------------
     0 | D:1      | qw the Gargoyle Fighter began the quest for the Orb.
     0 | D:1      | Reached XP level 1. HP: 14/14 MP: 1/1
     0 | D:1      | 0 ||| qw: Version: 0.2-a-29-g511e9b1
     0 | D:1      | 0 ||| qw: Game counter: 5242
     0 | D:1      | 0 ||| qw: Always use a shield: true
     0 | D:1      | 0 ||| qw: God list: Okawaru
     0 | D:1      | 0 ||| qw: Allow faded altars: false
     0 | D:1      | 0 ||| qw: Do Orc after D:15 true
     0 | D:1      | 0 ||| qw: Do second Lair branch before Depths: true
     0 | D:1      | 0 ||| qw: Lair rune preference: random
     0 | D:1      | 0 ||| qw: Plans: Normal, Zot:1-4, Slime:5, God:TSO, Crypt,
                  | Tomb, Abyss, Pan, Hells, Win
     0 | D:1      | 0 ||| PLANNING D:1-11
    91 | D:1      | Reached skill level 2 in Axes
    99 | D:1      | 99 ||| Stepping ~*~*~tactically~*~*~ (hiding).
   102 | D:1      | 102 ||| Stepping ~*~*~tactically~*~*~ (stealth).
   213 | D:1      | Reached XP level 2. HP: 19/19 MP: 2/2
   221 | D:1      | 221 ||| Stepping ~*~*~tactically~*~*~ (stealth).
   331 | D:1      | 331 ||| Stepping ~*~*~tactically~*~*~ (stealth).
   384 | D:1      | Reached skill level 3 in Axes
   504 | D:1      | Reached XP level 3. HP: 21/23 MP: 3/3
   553 | D:1      | 553 ||| Stepping ~*~*~tactically~*~*~ (stealth).
   886 | D:1      | 886 ||| UPGRADING to +3 ring mail.
   896 | D:1      | 896 ||| DROPPING +0 scale mail.
   897 | D:1      | 897 ||| UPGRADING to +0 chain mail.
   907 | D:1      | 907 ||| DROPPING +3 ring mail.
   908 | D:1      | 908 ||| READING scroll labelled EPLITZ CIUM.
  1095 | D:2      | 1095 ||| Stepping ~*~*~tactically~*~*~ (stealth).
  1100 | D:2      | 1100 ||| Stepping ~*~*~tactically~*~*~ (stealth).
  1112 | D:2      | Reached XP level 4. HP: 28/28 MP: 4/4
  1246 | D:2      | Reached skill level 4 in Axes
  1461 | D:2      | 1461 ||| READING scroll labelled DEIFFO YNTIQAST.
  1462 | D:2      | 1462 ||| READING scroll labelled QYSKUT FOOMN.
  1463 | D:2      | 1463 ||| DRINKING 3 brown potions.
  1488 | D:3      | Identified the staff of earth "Foqut" {*Corrode rN+ SInv
                  | Stlth+}
  1493 | D:3      | 1493 ||| Stepping ~*~*~tactically~*~*~ (hiding).
  1666 | D:3      | Found a snail-covered altar of Cheibriados.
  2057 | D:3      | Reached XP level 5. HP: 32/32 MP: 5/5
  2190 | D:3      | 2190 ||| Stepping ~*~*~tactically~*~*~ (stealth).
  2219 | D:3      | 2219 ||| DROPPING +0 whip.
  2293 | D:3      | 2293 ||| READING scroll labelled YFREAC UDWUCOSH.
  2294 | D:3      | 2294 ||| READING scroll labelled BAUGES NETE.
  2295 | D:3      | 2295 ||| DRINKING 2 fuming amethyst potions.
  2296 | D:3      | 2296 ||| DRINKING 2 sedimented cyan potions.
  2382 | D:4      | Noticed Blork the orc
  2394 | D:4      | HP: 6/32 [Blork the orc/+0 dire flail (4)]
  2394 | D:4      | Slain by Blork the orc

Levels and vault maps discovered:
D:1:      sevenhm_arrival_forest_fort_large_4, layout_basic,
          minmay_close_crescents
D:2:      layout_loops_ring
D:3:      layout_loops_cross, lemuel_crystal_altar
D:4:      layout_cave_pools, fedhas_altar_1, zin_treasury,
          minmay_temple_entry_tees, serial_shops, nicolae_shop_stone,
          uniq_blork_the_orc

Skill      XL: |  1  2  3  4 |
---------------+-------------+-----
Axes           | 2 3 4 |  4.6
Fighting       | |  3.2
Armour         | |  3.2
Shields        | |  3.2

Action                     |  1- 3 |  4- 6 || total
---------------------------+-------+-------++-------
  Melee: War axe           |   153 |    96 ||   249
    Use: Scroll            |     1 |     4 ||     5
         Potion            |       |     3 ||     3
 Armour: Scale mail        |    79 |       ||    79
         Chain mail        |    17 |    51 ||    68
  Dodge: Dodged            |    71 |    23 ||    94
  Block: Buckler           |    24 |    17 ||    41

Table legend:
 A = Non-vault XP
 B = Vault XP
 C = Vault XP percentage of total XP
 D = Non-vault monster count
 E = Vault monster count
 F = Vault count percentage of total count
                 A         B        C        D         E       F
            +---------+---------+-------+---------+---------+-------
      Total |     174 |       3 |   1.7 |      72 |       2 |   2.7
            +---------+---------+-------+---------+---------+-------
        D:1 |      50 |       3 |   5.7 |      30 |       2 |   6.2
        D:2 |      48 |       0 |   0.0 |      15 |       0 |   0.0
        D:3 |      75 |       0 |   0.0 |      26 |       0 |   0.0
        D:4 |       1 |       0 |   0.0 |       1 |       0 |   0.0
            +---------+---------+-------+---------+---------+-------
